 Dungeon Crawl Stone Soup version 0.30-b1-2-g02819fbbbe (webtiles) character file.

Game seed: 2986432340548096267

16807 MajorAdolf the Unseen (level 12, -10/91 (93) HPs)
             Began as a Naga Wanderer on May 24, 2023.
             Was an Initiate of Gozag.
             Mangled by an ice devil (11 damage)
             ... on level 14 of the Dungeon on May 27, 2023.
             The game lasted 00:34:39 (14236 turns).

MajorAdolf the Unseen (Naga Wanderer)              Turns: 14236, Time: 00:34:39

HP:   -10/91 (93)   AC: 20    Str: 15    XL:     12   Next: 41%
MP:   18/18         EV:  6    Int: 16    God:    Gozag
Gold: 1629          SH: 15    Dex: 16    Spells: 16/19 levels left

rFire   + + +        V - +2 long sword (protect)
rCold   . . .        e - +3 buckler
rNeg    + . .        Q - +6 scale mail of the Thinker {rPois rF+++ rN+ Dex-2}
rPois   +            N - +0 helmet
rElec   .            l - +0 cloak
rCorr   .            M - +0 pair of gloves
SInv    +            (no barding)
Will    +....        T - amulet of reflection
Stlth   +++++        n - +6 ring of dexterity
HPRegen 0.35/turn    v - ring "Noimil" {rPois AC+4}
MPRegen 0.16/turn

%: reflection
@: gold aura, on berserk cooldown, slowed, lightly drained, very slow
A: AC +4, large, see invisible, deformed body, poison resistance, slowness 2,
spit poison 2, naga tail 1, no potion heal 1
a: Breathe Poison Gas, Renounce Religion, Potion Petition, Call Merchant, Bribe
Branch


You were on level 14 of the Dungeon.
You worshipped Gozag.
Gozag was most pleased with you.
You visited 2 branches of the dungeon, and saw 13 of its levels.
You also visited: Sewer and Ossuary.

You collected 1718 gold pieces.
You paid 89 gold pieces to Gozag.

Inventory:

Hand Weapons
 d - a +2 scimitar of flaming
 A - a +1 vampiric dagger
 V - a +2 long sword of protection (weapon)
 Y - a +2 scimitar
Missiles
 h - 4 throwing nets
Armour
 e - a +3 buckler (worn)
 l - a +0 cloak (worn)
 m - a +2 robe of the Archmagi
 M - a +0 pair of gloves (worn)
 N - a +0 helmet (worn)
 Q - the +6 scale mail of the Thinker (worn) {rPois rF+++ rN+ Dex-2}
   (You found it on level 10 of the Dungeon)

   Dex:       It affects your dexterity (-2).
   rF:        It renders you almost immune to fire.
   rPois:     It protects you from poison.
   rN:        It protects you from negative energy.
 W - an orb of energy
 X - a +2 robe of willpower
Magical Staves
 j - a staff of poison
Jewellery
 a - a ring of flight
 n - a +6 ring of dexterity (left hand)
 v - the ring "Noimil" (right hand) {rPois AC+4}
   (You found it on level 5 of the Dungeon)

   [ring of protection]

   AC:        It affects your AC (+4).
   rPois:     It protects you from poison.
 C - an amulet of magic regeneration
 S - a ring of wizardry
 T - an amulet of reflection (around neck)
 U - an amulet of regeneration
Wands
 b - a wand of flame (23) (quivered)
 s - a wand of light (4)
 x - a wand of polymorph (19)
 y - a wand of paralysis (15)
 E - a wand of mindburst (4)
Scrolls
 c - a scroll of summoning
 t - a scroll of blinking
 z - a scroll of enchant armour
 F - 3 scrolls of vulnerability
 H - a scroll of enchant weapon
 I - a scroll of poison
 K - 2 scrolls of brand weapon
 L - a scroll of fear
 R - 3 scrolls of magic mapping
 Z - a scroll of immolation
Potions
 f - a potion of mutation
 g - 3 potions of curing
 i - a potion of invisibility
 p - 5 potions of heal wounds
 q - 2 potions of magic
 r - 2 potions of brilliance
 u - a potion of haste
 w - 4 potions of ambrosia
 B - 2 potions of flight
 D - 2 potions of attraction
 G - 2 potions of might
 J - 2 potions of cancellation


   Skills:
 - Level 1.6 Fighting
 - Level 10.0 Short Blades
 + Level 17.8 Stealth
 + Level 10.8 Shields
 - Level 4.0 Spellcasting
 - Level 5.0 Hexes
 - Level 1.0 Invocations
 - Level 3.0 Evocations


You had 16 spell levels left.
You knew the following spells:

 Your Spells              Type           Power      Damage    Failure   Level
a - Tukima's Dance        Hex            19%        N/A       32%         3

Your spell library contained the following spells:

 Spells                   Type           Power      Damage    Failure   Level
 Slow                     Hex            76%        N/A       11%         1
 Confusing Touch          Hex            19%        N/A       32%         3
 Freeze                   Ice            12%        1d3       63%         1
 Portal Projectile        Hex/Tloc       22%        N/A       65%         3
 Scorch                   Fire           6%         2d5       77%         2
 Frozen Ramparts          Ice            6%         1d1       94%         3
 Hailstorm                Conj/Ice       3%         3d3       94%         3
 Vampiric Draining        Necr           3%         2d6       94%         3
 Animate Armour           Summ/Erth      6%         N/A       100%        4
 Flame Wave               Conj/Fire      3%         2d5       100%        4
 Summon Ice Beast         Ice/Summ       3%         N/A       100%        4
 Blade Hands              Tmut           1%         N/A       100%        5
 Borgnjor's Vile Clutch   Necr/Erth      1%         N/A       100%        5
 Fireball                 Conj/Fire      1%         3d3       100%        5
 Iskenderun's Battlesphe  Conj           3%         2d6       100%        5
 Summon Mana Viper        Hex/Summ       11%        N/A       100%        5
 Conjure Ball Lightning   Conj/Air       1%         3x3d6     100%        6
 Death Channel            Necr           1%         N/A       100%        6
 Iron Shot                Conj/Erth      1%         9d1       100%        6
 Summon Cactus Giant      Summ           1%         N/A       100%        6
 Monstrous Menagerie      Summ           1%         N/A       100%        7
 Orb of Destruction       Conj           1%         9d5       100%        7
 Animate Dead             Necr           Unusable   N/A       N/A         4

Dungeon Overview and Level Annotations

Branches:
Dungeon (11/15)            Temple (1/1) D:6            Lair (0/5) D:10
  Sewer (visited)         Ossuary (visited)
    Orc: D:9-12

Altars:
Ashenzari
Cheibriados
Dithmenos
Elyvilon
Fedhas
Gozag
Hepliaklqana
Kikubaaqudgha
Makhleb
Nemelex Xobeh
Okawaru
Qazlal
Ru
Sif Muna
Trog
Uskayaw
Vehumet
Wu Jian
Xom
Yredelemnul
Zin
The Shining One

Shops:
D:7 =

Annotations:
D:3 4 runed translucent doors, Crazy Yiuf; MoonlitKnight's ghost, amateur MfGl
D:9 2 runed translucent doors, Alarion00's ghost, novice MiBe


Innate Abilities, Weirdness & Mutations

Your serpentine skin is tough. (AC +4)
You have supernaturally acute eyesight. (SInv)
Armour fits poorly on your strangely shaped body.
Your system is resistant to poisons. (rPois)
You cover ground very slowly.
You can exhale a cloud of poison.
You have a snake-like lower body.
Potions are less effective at restoring your health.


Message History

The ice devil is no longer distracted by gold.
The ice devil is moderately wounded.
The ice devil hits you but does no damage.
You slash the ice devil!
The ice devil is severely wounded.
You hit the ice devil but do no damage.
The ice devil is severely wounded.
The ice devil closely misses you.
You hit the ice devil.
The ice devil is severely wounded.
You are no longer berserk.
You are exhausted.
You feel yourself slow down.
The ice devil hits you but does no damage.
You slash the ice devil!
The ice devil is almost dead.
You block the ice devil's attack.
You hit the ice devil but do no damage.
The ice devil is almost dead.
You block the ice devil's attack.
The ice devil hits you but does no damage.
You barely miss the ice devil.
The ice devil is almost dead.
The ice devil hits you but does no damage. x2
You closely miss the ice devil.
The ice devil is almost dead.
You block the ice devil's attack.
You closely miss the ice devil.
The ice devil is almost dead.
The ice devil hits you.
* * * LOW HITPOINT WARNING * * *
The ice devil freezes you!!
* * * LOW HITPOINT WARNING * * *
You block the ice devil's attack.
Your system partially rejects the healing.
You feel better. The ice devil hits you.
* * * LOW HITPOINT WARNING * * *
The ice devil freezes you!
You die...
Your body crumbles into a pile of gold.

#+ ... #### .... #########
#... ..... ###.......#####
#... ......#.4...........#
#...
.4....'.#@......###.###[).
......###.......# #..)....
..... ######.## #####...
..c. #.# #### ### #.# #
#.# # #.# # #'#


You could see an ice devil.

Vanquished Creatures
  Harold (D:10)
  2 two-headed ogres
  2 tengu warriors (D:14)
  Erica (D:10)
  A soul eater (D:14)
  Amaemon (D:9)
  2 ugly things (D:14)
  Maurice (D:10)
  Joseph (D:10)
  Maggie (D:9)
  An orange demon (D:9)
  2 kobold demonologists (D:10)
  Psyche (D:9)
  A tengu conjurer (D:14)
  A troll (D:10)
  4 hornets
  A raiju (shapeshifter) (D:10)
  2 shadows
  Grum (D:9)
  19 yaks
  5 steam dragons
  A chaos spawn (D:14)
  An ice beast (D:7)
  2 sky beasts
  3 orc warriors
  2 wolves (D:9)
  3 centaurs
  6 kobold brigands
  An elf zombie (D:4)
  3 bullfrogs
  An elf skeleton (D:4)
  A scorpion (D:6)
  4 wights (D:8)
  A howler monkey (D:6)
  3 hounds (D:6)
  A jelly (D:5)
  5 orc priests
  A human skeleton (D:4)
  2 iguanas
  3 sleepcaps
  5 orc wizards
  A mummy (Ossuary)
  6 adders
  4 gnolls (D:3)
  3 river rats (Sewer)
  2 shadow imps (D:5)
  A worm (D:3)
  17 orcs
  8 endoplasms
  2 giant cockroaches (D:1)
  6 goblins
  3 hobgoblins
  5 jackals
  9 quokkas
  9 ball pythons
  13 bats
  4 frilled lizards
  6 gnoll skeletons (Ossuary)
  21 kobolds
  7 kobold skeletons (Ossuary)
  12 orc skeletons (Ossuary)
  5 rats
244 creatures vanquished.

Vanquished Creatures (collateral kills)
  2 two-headed ogres
  A centaur (D:9)
3 creatures vanquished.

Vanquished Creatures (others)
  4 dancing weapons
  5 demonic plants (D:14)
  10 plants (D:14)
19 creatures vanquished.

Grand Total: 266 creatures vanquished

Notes
Turn   | Place    | Note
-------+----------+-------------------------------------------
     0 | D:1      | MajorAdolf the Naga Wanderer began the quest for the Orb.
     0 | D:1      | MajorAdolf set off with the following items: a +0 club, a
                  | wand of flame (4), a scroll of summoning, a +0 leather
                  | armour, a +2 buckler.
     0 | D:1      | Reached XP level 1. HP: 15/15 MP: 5/5
   108 | D:1      | Reached skill level 1 in Fighting
   283 | D:1      | Reached XP level 2. HP: 23/25 MP: 7/7
  1095 | D:2      | Reached skill level 1 in Short Blades
  1323 | D:2      | Reached XP level 3. HP: 21/32 MP: 8/8
  1968 | D:3      | Reached skill level 1 in Stealth
  3229 | D:3      | Learned a level 3 spell: Tukima's Dance
  3371 | D:3      | Found a broken altar of Ashenzari.
  3625 | D:3      | Reached skill level 2 in Stealth
  3690 | D:3      | Reached XP level 4. HP: 39/39 MP: 10/10
  3766 | D:3      | Reached skill level 1 in Hexes
  3894 | D:3      | Found a runed translucent gate.
  3894 | D:3      | Found a runed translucent gate.
  3895 | D:3      | Found a runed translucent gate.
  3897 | D:3      | Noticed MoonlitKnight's ghost (amateur MfGl)
  3956 | D:3      | Found a runed translucent door.
  3957 | D:3      | Noticed Crazy Yiuf
  4323 | D:4      | Reached skill level 3 in Stealth
  4323 | D:4      | Reached XP level 5. HP: 31/45 MP: 11/11
  4347 | D:4      | Found a sand-covered staircase.
  4379 | D:4      | Reached skill level 4 in Stealth
  4381 | Ossuary  | Entered an ossuary
  4381 | Ossuary  | Noticed a wraith
  4381 | Ossuary  | Noticed a wraith
  4381 | Ossuary  | Noticed a wraith
  4606 | Ossuary  | Reached XP level 6. HP: 51/52 MP: 12/12
  5010 | Ossuary  | Noticed a wraith
  5435 | D:4      | Gained mutation: You are dopey. (Int -2) [potion of
                  | mutation]
  5436 | D:4      | Lost mutation: You are dopey. (Int -2) [potion of mutation]
  5436 | D:4      | Gained mutation: You can exhale a cloud of poison. [potion
                  | of mutation]
  5436 | D:4      | Gained mutation: Potions are less effective at restoring
                  | your health. [potion of mutation]
  5499 | D:4      | Reached skill level 5 in Stealth
  5879 | D:5      | Entered Level 5 of the Dungeon
  5881 | D:5      | Identified the ring "Noimil" {rPois AC+4}
  5956 | D:5      | Found a glowing drain.
  5993 | Sewer    | Entered a sewer
  6873 | D:5      | Reached XP level 7. HP: 31/58 MP: 13/13
  7289 | D:5      | Identified the +4 dagger of the Lamprey {freeze, Str+5}
  7535 | D:5      | Found a shimmering altar of Xom.
  7537 | D:5      | Found a shimmering altar of Xom.
  7537 | D:5      | Found a snail-covered altar of Cheibriados.
  7539 | D:5      | Found a shimmering blue altar of Sif Muna.
  7539 | D:5      | Found an opulent altar of Gozag.
  7539 | D:5      | Found a snail-covered altar of Cheibriados.
  7706 | D:6      | Reached skill level 6 in Stealth
  7937 | D:6      | Reached XP level 8. HP: 66/66 MP: 14/14
  7977 | D:6      | Found a staircase to the Ecumenical Temple.
  8023 | Temple   | Entered the Ecumenical Temple
  8140 | Temple   | Became a worshipper of Gozag Ym Sagoz the Greedy
  8265 | D:6      | Reached skill level 7 in Stealth
  8582 | D:6      | Reached skill level 5 in Short Blades
  8616 | D:7      | Found Ibbi Fesch's Jewellery Emporium.
  8961 | D:7      | Reached skill level 8 in Stealth
  9062 | D:7      | Reached skill level 5 in Hexes
  9269 | D:7      | Reached XP level 9. HP: 47/73 MP: 15/15
  9276 | D:7      | Reached skill level 9 in Stealth
  9418 | D:7      | Reached skill level 5 in Shields
  9775 | D:8      | Noticed a hornet
  9783 | D:8      | Killed a hornet
 10015 | D:8      | Reached skill level 10 in Stealth
 10658 | D:8      | Found an ornate altar of the Wu Jian Council.
 10658 | D:8      | Found a sparkling altar of Nemelex Xobeh.
 10658 | D:8      | Found a hazy altar of Hepliaklqana.
 10658 | D:8      | Found a bloodstained altar of Trog.
 10664 | D:8      | Found a stormy altar of Qazlal.
 10669 | D:8      | Found a snail-covered altar of Cheibriados.
 10869 | D:9      | Noticed Amaemon
 10881 | D:9      | Noticed Maggie
 10892 | D:9      | Noticed an orange demon
 10966 | D:9      | Killed Maggie
 10967 | D:9      | Reached skill level 11 in Stealth
 10983 | D:9      | Killed an orange demon
 10984 | D:9      | Reached XP level 10. HP: 80/80 MP: 16/16
 10988 | D:9      | Killed Amaemon
 10989 | D:9      | Reached skill level 12 in Stealth
 11063 | D:9      | Noticed Psyche
 11077 | D:9      | Killed Psyche
 11177 | D:9      | Noticed Grum
 11194 | D:9      | Killed Grum
 11290 | D:9      | Noticed a two-headed ogre
 11323 | D:9      | Reached skill level 13 in Stealth
 11391 | D:9      | Killed a two-headed ogre
 11515 | D:9      | Noticed a two-headed ogre
 11524 | D:9      | Killed a two-headed ogre
 11525 | D:9      | Reached XP level 11. HP: 76/86 MP: 11/17
 11575 | D:9      | Reached skill level 14 in Stealth
 11624 | D:9      | Found a large runed translucent door.
 11624 | D:9      | Found a large runed translucent door.
 11624 | D:9      | Noticed Alarion00's ghost (novice MiBe)
 11700 | D:10     | Entered Level 10 of the Dungeon
 11762 | D:10     | Noticed Harold
 11775 | D:10     | Killed Harold
 12032 | D:10     | Noticed a two-headed ogre
 12057 | D:10     | Killed a two-headed ogre
 12058 | D:10     | Reached skill level 10 in Short Blades
 12140 | D:10     | Found a staircase to the Lair.
 12194 | D:10     | Noticed Joseph
 12202 | D:10     | Reached skill level 15 in Stealth
 12210 | D:10     | Killed Joseph
 12261 | D:10     | Identified the +6 scale mail of the Thinker {rPois rF+++
                  | rN+ Dex-2}
 12292 | D:10     | Noticed Erica
 12347 | D:10     | Noticed a sun demon
 12401 | D:10     | Noticed Maurice
 12618 | D:10     | Killed Maurice
 12760 | D:10     | Killed Erica
 13328 | D:10     | Reached skill level 16 in Stealth
 13630 | D:11     | Noticed a two-headed ogre
 13643 | D:10     | Reached XP level 12. HP: 81/93 MP: 18/18
 13708 | D:10     | Killed a two-headed ogre
 13709 | D:10     | Reached skill level 10 in Shields
 13782 | D:11     | You fall into a shaft and drop 3 floors!
 13839 | D:14     | Reached skill level 17 in Stealth
 14043 | D:14     | Noticed a tengu warrior
 14052 | D:14     | Noticed a tengu warrior
 14062 | D:14     | Killed a tengu warrior
 14064 | D:14     | Killed a tengu warrior
 14191 | D:14     | Noticed a soul eater
 14193 | D:14     | Noticed a centaur warrior
 14225 | D:14     | Killed a soul eater
 14235 | D:14     | HP: 3/91 [ice devil (21)]
 14236 | D:14     | HP: 1/91 [ice devil (6)]
 14236 | D:14     | Mangled by an ice devil

Illustrated notes

Levels and vault maps discovered:
D:1:      lightli_arrival_boilingwater, layout_basic
D:2:      layout_loops_ring
D:3:      layout_loops_ring, mainiacjoe_overflow_alcove_2,
          biasface_ghost_orc_armoury, uniq_crazy_yiuf_cottage
D:4:      layout_rooms, nicolae_ossuary_entry_catacombs, kennysheep_cross_room,
          roderic_nine_men_s_morris, minivault_23
D:5:      layout_loops_ring, doesnt_xom_only_xom, cheibrodos_sewer_entry_sluice
D:6:      layout_rooms, minmay_temple_entry_statues_pillars
D:7:      layout_loops_corners, serial_shops, shop
D:8:      layout_rooms, minmay_overflow_temple_hex, amethyst_killhole
D:9:      layout_roguey, ebering_ghost_disaster_area, nicolae_fountain_basement,
          uniq_maggie, uniq_amaemon, uniq_psyche, uniq_grum
D:10:     layout_loops_ring, lair_entry_dummy, uniq_harold, uniq_maurice,
          uniq_erica, uniq_joseph
D:11:     layout_cave_pools, grunt_ministairs_7, st_stairs_14
D:14:     layout_roguey, gammafunk_ghost_necromancy, serial_demonic,
          serial_demonic_g, serial_demonic_d, serial_demonic_f,
          serial_demonic_b, nicolae_hepliaklqana_hazy_memory, okawaru_trees_1,
          uniq_agnes, uniq_jorgrun
Temple:   nicolae_temple_superstar

Skill      XL: |  1  2  3  4  5  6  7  8  9 10 11 12 |
---------------+-------------------------------------+-----
Fighting       | 1 |  1.6
Short Blades   | 1 2 3 4 5 7 9 10 | 10.0
Stealth        | 2 3 4 5 6 8 11 13 16 17 | 17.8
Hexes          | 1 2 3 5 |  5.0
Shields        | 2 3 4 6 8 9 10 | 10.8
Spellcasting   | |  4.0
Invocations    | |  1.0
Evocations     | |  3.0

Action                     |  1- 3 |  4- 6 |  7- 9 | 10-12 || total
---------------------------+-------+-------+-------+-------++-------
  Melee: Club              |    19 |       |       |       ||    19
         Dagger            |   153 |   537 |   326 |     2 ||  1018
         Long sword        |       |       |       |   290 ||   290
         Scimitar          |       |       |       |    10 ||    10
   Cast: Tukima's Dance    |       |       |       |    17 ||    17
Ability: Spit Poison       |    24 |     6 |       |       ||    30
         Breathe Poison Ga |       |     7 |    15 |    32 ||    54
  Evoke: Wand              |       |       |    12 |     9 ||    21
    Use: Scroll            |       |    17 |     1 |    12 ||    30
         Potion            |       |     5 |     1 |     2 ||     8
   Stab: Sleeping          |       |     5 |    11 |     4 ||    20
         Distracted        |       |       |     1 |     1 ||     2
         Paralysed         |       |       |       |     2 ||     2
 Armour: Leather armour    |     2 |       |       |       ||     2
         Ring mail         |    14 |       |       |       ||    14
         Chain mail        |     8 |       |       |       ||     8
         Robe              |    20 |   202 |   106 |    66 ||   394
         Scale mail        |       |       |       |    77 ||    77
         Skin              |       |       |       |    22 ||    22
  Dodge: Dodged            |    57 |   164 |    69 |    94 ||   384
  Block: Buckler           |    57 |   174 |   100 |   272 ||   603
         Reflection        |       |       |       |     8 ||     8
